Map: Scythe of Amon

Players

LilArrin

  • Race: Zerg Zerg

LilArrin

  • Race: Protoss Protoss
  • Spawn Location: 5:00

VOD

Have the link to the VOD?

Description

Time

  • Played on: Feb. 23, 2018, 3:02 a.m.
  • Length: 15:03
Show
View Real Time Build Order
Export as new Build Order

LilArrin Zerg 

Build Orders:  

Get SALT Encoding   

  12  0:03  Infested SCV  
  13  0:12  Infested SCV  
  13  0:19  Infested SCV  
  15  0:21  Infested Colonist Compound  
  15  0:31  Overlord  
  15  0:41  Infested Refinery  
  15  0:56  Infested SCV x2  
  17  1:09  Infested Barracks  
  17  1:12  Infested SCV  
  18  1:22  Infested SCV  
  19  1:37  Infested SCV  
  20  1:41  Pneumatized Carapace  
  20  1:54  Overlord  
  20  2:10  Infested Barracks Tech Lab, Infested SCV  
  21  2:29  Infested SCV  
  26  2:30  Infested Bunker  
  26  2:41  Infested SCV  
  26  2:45  Retinal Augmentation  
  27  2:57  Overlord  
  27  3:27  Infested Bunker  
  31  3:35  Infested Bunker  
  31  3:45  Infested SCV  
  32  4:04  Infestation Level 1  
  32  4:06  Infested SCV  
  33  4:26  Infested SCV  
  34  4:47  Infested Engineering Bay  
  34  4:57  Infested Bunker  
  38  5:12  Overlord  
  38  5:14  Overlord  
  38  5:17  Infested Bunker  
  38  5:20  Infested Bunker  
  38  5:32  Plagued Munitions  
  38  5:38  Infested SCV  
  39  5:46  Regenerative Plating  
  39  6:02  Infested Bunker  
  39  6:04  Anaerobic Enhancement  
  39  6:14  Infested Bunker  
  47  6:30  Infested Bunker  
  47  6:48  Overlord  
  47  7:32  Infestation Level 2  
  47  7:38  Infested Bunker  
  51  7:50  Infested Bunker  
  51  7:52  Infested Bunker  
  51  8:19  Infested Bunker  
  55  8:21  Stukov Infantry Weapons Level 1  
  55  8:44  Infested Bunker  
  55  8:45  Infested Bunker  
  55  8:47  Infested Bunker  
  55  8:48  Infested Bunker  
  55  8:49  Infested Bunker  
  55  8:54  Infested Barracks  
  55  8:55  Infested Bunker  
  59  9:23  Infested Bunker  
  59  9:32  Infested Bunker  
  59  9:38  Broodling Gestation, Infested Bunker  
  59  9:39  Infested Missile Turret  
  63  10:15  Infested Barracks  
  63  10:18  Overlord x3  
  63  10:37  Infested Bunker  
  63  11:01  Infested Bunker  
  63  11:03  Infested Bunker  
  71  11:43  Infested Bunker  
  71  11:48  Infested Bunker  
  71  11:50  Infested Bunker x2  
  71  11:53  Infested Missile Turret  
  71  11:55  Infested Bunker x2  
  71  11:58  Infested Bunker x2  
  71  12:08  Infested Bunker  
  79  12:13  Infested Bunker  
  79  12:16  Infested Missile Turret  
  79  12:30  Infested Colonist Compound  
  79  12:40  Infested Missile Turret  
  79  12:58  Infested Bunker  
  71  13:01  Infested Bunker  
  71  13:03  Infested Barracks  
  71  13:06  Infested Barracks  
  71  13:09  Infested Barracks, Infested Marine x2  
  73  13:10  Overlord x3  
  73  13:11  Overlord, Infested Marine  
  73  13:12  Infested Marine x2  
  73  13:19  Infested Bunker  
  76  13:20  Infested Marine  
  76  13:21  Infested Marine  
  76  13:24  Infested Bunker  
  76  13:26  Overlord  
  76  13:27  Overlord  
  76  13:28  Infested Marine x2  
  76  13:43  Infested Marine  
  76  13:44  Infested Marine x10  
  76  13:45  Infested Marine x10  
  97  13:58  Infested Marine x2  
  97  13:59  Infested Marine x4  
  103  14:00  Infested Bunker, Infested Marine x2  
  103  14:02  Infested Bunker  
  103  14:07  Infested Bunker  
  71  14:31  Infested Marine x4  
  71  14:32  Infested Marine x2  
Show
View Real Time Build Order
Export as new Build Order

LilArrin Protoss 

Build Orders:  

Get SALT Encoding   

Tags
 
Commander
FenixStukov
Matchup
Co-op
Replay Pack
Co-op Speedrun
Add a new tag
Caveats
  • Supply blocks, unpowered buildings, or Contaminate may cause inaccurate times.
  • Supply counts are checked every 10 seconds.